Map: Ruins of Endion

Players

xXxBlazexXx - Winner!

  • Race: Protoss Protoss
  • League: Master

Miszu

  • Race: Terran Terran
  • League: Master

VOD

Have the link to the VOD?

Description

Time

  • Played on: April 9, 2016, 5:09 p.m.
  • Length: 3:29
Show
View Real Time Build Order
Export as new Build Order

xXxBlazexXx Protoss - Winner!

Build Orders: Oracle Opening 

Get SALT Encoding   

  12  0:01  Probe (Chrono Boost)  
  13  0:11  Probe (Chrono Boost)  
  14  0:17  Pylon  
  14  0:22  Probe (Chrono Boost)  
  15  0:35  Gateway  
  15  0:36  Probe (Chrono Boost)  
  15  0:41  Assimilator  
  16  0:46  Probe (Chrono Boost)  
  18  0:57  Probe (Chrono Boost)  
  18  0:58  Assimilator  
  18  1:07  Probe (Chrono Boost)  
  19  1:18  Probe (Chrono Boost)  
  20  1:22  Cybernetics Core  
  20  1:28  Pylon, Probe (Chrono Boost)  
  21  1:39  Probe (Chrono Boost)  
  22  1:49  Probe (Chrono Boost)  
  23  1:58  Stargate  
  23  1:59  Adept (Chrono Boost)  
  25  2:14  Nexus  
  27  2:23  Adept (Chrono Boost)  
  27  2:27  Pylon  
  27  2:38  Probe  
  27  2:41  Oracle (Chrono Boost)  
  31  2:50  Probe  
  32  3:02  Probe  
  36  3:15  Probe  
Show
View Real Time Build Order
Export as new Build Order

Miszu Terran 

Build Orders: 1/1/1 

Get SALT Encoding   

  12  0:01  SCV  
  13  0:13  SCV  
  14  0:17  Supply Depot  
  14  0:25  SCV  
  15  0:39  SCV  
  15  0:41  Barracks  
  16  0:46  Refinery  
  16  0:51  SCV  
  17  1:03  SCV  
  18  1:06  Refinery  
  18  1:15  SCV  
  19  1:28  Orbital Command  
  19  1:29  Marine  
  19  1:31  Supply Depot  
  20  1:40  Factory  
  20  1:48  Marine  
  21  1:54  SCV  
  22  2:06  Supply Depot, SCV  
  22  2:07  Marine  
  24  2:19  SCV  
  25  2:24  Starport, Hellion  
  27  2:30  Marine  
  27  2:31  SCV  
  28  2:45  SCV  
  28  2:46  Hellion  
  28  2:47  Supply Depot  
  28  2:48  Marine  
  32  2:57  SCV  
  35  3:06  Marine  
  35  3:10  SCV  
Tags
 
Add a new tag
Caveats
  • Supply blocks, unpowered buildings, or Contaminate may cause inaccurate times.
  • Supply counts are checked every 10 seconds.